 Dungeon Crawl Stone Soup version 0.21.0 (webtiles) character file.

45 Lanoc the Slasher (level 3, -1/29 HPs)
             Began as a Demonspawn Monk on Jan 7, 2018.
             Slain by a goblin (3 damage)
             ... on level 2 of the Dungeon.
             The game lasted 00:02:24 (1602 turns).

Lanoc the Slasher (Demonspawn Monk)                 Turns: 1602, Time: 00:02:25

Health: -1/29      AC:  2    Str:  8 (11) XL:     3   Next: 42%
Magic:  3/3        EV: 19    Int: 10 (11) God:
Gold:   75         SH:  0    Dex: 18 (21) Spells: 2/2 levels left

rFire    . . .     SeeInvis .   a - +0 falchion
rCold    . . .     Gourm    .   (no shield)
rNeg     . . .     Faith    .   b - +0 robe
rPois    .         Spirit   .   (no helmet)
rElec    .         Reflect  .   (no cloak)
rCorr    .         Harm     .   (no gloves)
MR       .....     Rnd*Rage +   (no boots)
Stlth    +++.......             (no amulet)
HPRegen  0.09/turn              (no ring)
MPRegen  0.08/turn              (no ring)

@: agile
A: talons 1, berserk 1, evolution 1
a: no special abilities


You were on level 2 of the Dungeon.
You were very hungry.

You visited 1 branch of the dungeon, and saw 2 of its levels.

You collected 75 gold pieces.

Inventory:

Hand Weapons
 a - a +0 falchion (weapon)
Armour
 b - a +0 robe (worn)
Scrolls
 e - 4 scrolls of remove curse {unknown}
 g - 2 scrolls of identify {unknown}
 j - a scroll of teleportation {unknown}
 l - a scroll of noise {unknown}
Potions
 d - a potion of degeneration
Comestibles
 c - 4 rations


   Skills:
 + Level 3.4 Fighting
 * Level 3.5 Long Blades
 + Level 3.1 Dodging
 - Level 1.7 Stealth


You had 2 spell levels left.
You didn't know any spells.

Dungeon Overview and Level Annotations

Branches:
Dungeon (2/15)

Altars:

Annotations:
D:2 Sigmund


Innate Abilities, Weirdness & Mutations

You have sharp toenails.
You tend to lose your temper in combat.
You evolve.


Message History

It was a potion of mutation.
You feel extremely strange.
You feel your magical essence link to your wands.
You feel a little pissed off.
Your magical essence is no longer linked to your wands.
You feel nature experimenting on you.
Don't worry, failures die fast.
Sigmund closely misses you. The goblin hits you.
* * * LOW HITPOINT WARNING * * *
You hit Sigmund.
Sigmund is moderately wounded.
Sigmund casts a spell at you. The magic dart hits you!
* * * LOW HITPOINT WARNING * * *
The goblin hits you but does no damage.
You hit Sigmund.
Sigmund is heavily wounded.
Sigmund barely misses you. The goblin misses you.
You hit Sigmund.
Sigmund is severely wounded.
The goblin hits you.
You die...

.....###..<...#
......##......#
.......+......###
....#.##........#
.......+.....##.##########
.......#.....##..........#
.###...+.....##........(.#
.# #...####..............#
.+ +...........@@.....(..#
#...........g(.....(..#
###...#............(..#
#.........<.........#
#.......###.........#
##..................#
#.....##########'####
###..## #........# #..#
#........#


You could see Sigmund and a goblin.

Vanquished Creatures
  A centaur skeleton (D:2)
  A bat (D:1)
  2 goblins (D:1)
  A hobgoblin (D:2)
  3 frilled lizards
  3 kobolds
  7 rats
18 creatures vanquished.

Notes
Turn   | Place    | Note
-------+----------+-------------------------------------------
     0 | D:1      | Lanoc the Demonspawn Monk began the quest for the Orb.
     0 | D:1      | Reached XP level 1. HP: 18/18 MP: 1/1
   673 | D:1      | Gained mutation: You have sharp toenails. [demonic ancestry]
   673 | D:1      | Reached XP level 2. HP: 12/24 MP: 2/2
  1074 | D:2      | Reached XP level 3. HP: 12/29 MP: 3/3
  1308 | D:2      | Noticed Sigmund
  1599 | D:2      | Gained mutation: You expend magic power (3 MP) to strengthen your wands. [potion of mutation]
  1599 | D:2      | Gained mutation: You tend to lose your temper in combat. [potion of mutation]
  1599 | D:2      | Lost mutation: You expend magic power (3 MP) to strengthen your wands. [potion of mutation]
  1599 | D:2      | Gained mutation: You evolve. [potion of mutation]
  1600 | D:2      | HP: 1/29 [Sigmund/magic dart (7)]
  1602 | D:2      | Slain by a goblin

Skill      XL: |  1  2 |
---------------+-------+-----
Long Blades    | 3 |  3.5
Dodging        | 3 |  3.1
Fighting       | |  3.4
Stealth        | |  1.7

Action                   || total
-------------------------++-------
Melee: Falchion          ||    49
       Kick              ||     7
  Use: Potion            ||     4
 Stab: Sleeping          ||     2
  Eat: Chunk             ||     1
Armor: Robe              ||     7
Dodge: Dodged            ||    41
       Rpst.: Falchion   ||    10
